 Dungeon Crawl Stone Soup version 0.24.0-123-gd5b16e6ec5 (webtiles) character file.

Game seed: 6250637450737514994, levelgen mode: deterministic

53 mortelune the Firebug (level 3, -8/19 HPs)
             Began as a Gargoyle Fire Elementalist on Jan 30, 2020.
             Killed by divine providence
             ... invoked by an orc priest
              (14 damage)
             ... on level 3 of the Dungeon.
             The game lasted 00:03:12 (3224 turns).

mortelune the Firebug (Gargoyle Fire Elementalist)  Turns: 3224, Time: 00:03:13

Health: -8/19      AC:  5    Str: 11    XL:     3   Next: 89%
Magic:  3/6        EV: 12    Int: 16    God:
Gold:   70         SH:  0    Dex: 10    Spells: 0/6 levels left

rFire    . . .     SeeInvis .   e - +0 dagger
rCold    . . .     Gourm    .   (no shield)
rNeg     + . .     Faith    .   a - +0 robe
rPois    ∞         Spirit   .   (no helmet)
rElec    +         Reflect  .   (no cloak)
rCorr    .         Harm     .   (no gloves)
MR       .....                  (no boots)
Stlth    ++........             (no amulet)
HPRegen  0.06/turn              (no ring)
MPRegen  0.10/turn              (no ring)

@: very slightly contaminated
A: negative energy resistance 1, electricity resistance, unbreathing,
petrification resistance, rot immunity, AC +3
a: no special abilities


You were on level 3 of the Dungeon.
You were hungry.

You visited 1 branch of the dungeon, and saw 3 of its levels.

You collected 70 gold pieces.

Inventory:

Hand Weapons
 d - a cursed -3 club
 e - a +0 dagger (weapon)
Armour
 a - a +0 robe (worn)
Scrolls
 f - 2 scrolls of immolation {unknown}
 g - a scroll of amnesia {unknown}
 j - 2 scrolls of identify {unknown}
 k - 2 scrolls of remove curse {unknown}
 l - 3 scrolls of random uselessness {unknown}
Potions
 b - a potion of curing {unknown}
 h - a potion of degeneration {unknown}
 i - a potion of mutation {unknown}
Comestibles
 c - 6 rations
 m - 3 chunks of flesh


   Skills:
 - Level 1.5 Dodging
 - Level 2.1 Stealth
 + Level 2.4 Spellcasting
 * Level 2.5 Conjurations
 * Level 3.7 Fire Magic


You couldn't memorise any spells.
You knew the following spells:

 Your Spells              Type           Power        Failure   Level  Hunger
a - Flame Tongue          Conj/Fire      ##...        5%          1    #......
b - Throw Flame           Conj/Fire      ##....       9%          2    ###....
c - Conjure Flame         Conj/Fire      ##......     16%         3    ###....

Your spell library contained the following spells:

 Spells                   Type           Power        Failure   Level  Hunger
 Inner Flame              Hex/Fire       #.......     26%         3    ###....
 Sticky Flame             Conj/Fire      ##......     47%         4    #####..
 Fireball                 Conj/Fire      ##........   83%         5    ######.


Dungeon Overview and Level Annotations

Branches:
Dungeon (3/15)

Altars:
Ru
Uskayaw

Annotations:
D:2 Terence


Innate Abilities, Weirdness & Mutations

You are resistant to torment.
Your stone body is resilient. (AC +3)
You are immune to poison.
You resist negative energy. (rN+)
You are resistant to electric shocks. (rElec)
You can survive without breathing.
You are immune to petrification.
You are immune to rotting.


Message History

An orc priest comes into view. It is wielding a +0 club.
Casting: Flame Tongue (safe; 5% risk of failure)
Confirm with . or Enter, or press ? or * to list all spells.
Aiming: Flame Tongue (safe; 5% risk of failure)
Press: ? - help, Shift-Dir - straight line, f/p - orc wizard
Aim: an orc wizard, wielding a +0 dagger and wearing a +0 robe (heavily wounded)
The flame tongue hits the orc wizard but does no damage.
The orc wizard is heavily wounded.
The orc priest shouts!
The orc priest invokes the aid of Beogh against you.
Beogh smites you!
Ouch! That really hurt!
The orc wizard casts a spell.
The orc wizard seems to speed up.
The orc barely misses you.
The orc wizard gestures wildly while chanting.
The orc wizard blinks!
The orc priest invokes the aid of Beogh against you.
Beogh smites you!
Ouch! That really hurt!
You die...

###### #####....# ##
#.........##### .o
#.............# .#
#...♣♣....###.# .#
##........## #.# o#
#.....♣♣..####.# .#
###....♣♣♣....##@#######.#
.......[....#.##..oo.o.o.#
#...........#.############
#.....###.### # #..####
#.....# #..############
#..#........(#
.....#######.# ..÷...(..#
#.#


You could see an orc priest, an orc wizard and 2 orcs.

Vanquished Creatures
  2 adders (D:2)
  A leopard gecko (D:2)
  4 bats
  4 giant cockroaches
  3 goblins
  6 hobgoblins
  3 jackals (D:1)
  2 kobolds
  A quokka (D:2)
  A ball python (D:3)
  2 frilled lizards (D:1)
  A rat (D:1)
30 creatures vanquished.

Notes
Turn   | Place    | Note
-------+----------+-------------------------------------------
     0 | D:1      | mortelune the Gargoyle Fire Elementalist began the quest
                  | for the Orb.
     0 | D:1      | Reached XP level 1. HP: 10/10 MP: 3/3
   416 | D:1      | Reached XP level 2. HP: 15/15 MP: 1/5
   420 | D:1      | Learned a level 2 spell: Throw Flame
  1886 | D:2      | Reached XP level 3. HP: 19/19 MP: 4/6
  1910 | D:2      | Learned a level 3 spell: Conjure Flame
  2331 | D:2      | Noticed a +0 dagger
  2331 | D:2      | Noticed a +0 dagger
  2332 | D:2      | Found a hide-covered altar of Uskayaw.
  2590 | D:2      | Found a sacrificial altar of Ru.
  2891 | D:3      | Noticed Terence
  3224 | D:3      | Killed from afar by an orc priest

Levels and vault maps discovered:
D:1:      scummos_arrival_star, layout_basic
D:2:      layout_loops_ring, nicolae_ru_path_of_blood, dancing_weapons_uskayaw
D:3:      layout_loops_ring, chequers_garden, uniq_sigmund, uniq_terence

Skill      XL: |  1  2 |
---------------+-------+-----
Conjurations   | 2 |  2.5
Dodging        | |  1.5
Stealth        | |  2.1
Spellcasting   | |  2.4
Fire Magic     | |  3.7

Action                   || total
-------------------------++-------
Melee: Unarmed           ||    11
       Dagger            ||     7
 Cast: Flame Tongue      ||    33
       Throw Flame       ||    24
  Eat: Chunk             ||     5
       Ration            ||     1
Armor: Robe              ||    11
Dodge: Dodged            ||    22
